 Dungeon Sprint DCSS version 0.31-a0-819-gf6de2f5ab6 (webtiles) character file.

Game seed: 7127190016614108552

56 sircluck the Ruffian (level 3, -17/58 HPs)
             Began as a Troll Berserker on Sept 23, 2023.
             Was a Believer of Trog.
             Demolished by a bog body (21 damage)
             ... in the Dungeon (Sprint VII: "The Pits").
             The game lasted 00:00:38 (118 turns).

sircluck the Ruffian (Troll Berserker)               Turns: 118, Time: 00:00:38

Health: -17/58     AC:  4    Str: 27    XL:     3   Next: 69%
Magic:  2/2        EV: 10    Int:  3    God:    Trog [**....]
Gold:   0          SH:  0    Dex:  9    Spells: 2/2 levels left

rFire   . .          .
                       - Unarmed
rCold   . . .        (no shield)
rNeg    . . .        a - +0 animal skin
rPois   .            (helmet restricted)
rElec   .            (no cloak)
rCorr   .            (gloves unavailable)
SInv    .            (boots unavailable)
Will    .....        (no amulet) Stlth
                     (no ring)
HPRegen 1.09/turn    (no ring)
MPRegen 0.08/turn

%: no teleportation
@: berserking, very quick
A: large, unfitting armour, claws 3, regeneration 1, shaggy fur 1, tough skin 1
a: Renounce Religion, Berserk, Trog's Hand


You were in the Dungeon.
You worshipped Trog.
Trog was pleased with you.
You visited 1 branch

Inventory:

Armour
 a - a +0 animal skin (worn)
Wands
 h - a wand of acid (3)
Scrolls
 g - a scroll of blinking
Potions
 b - a potion of curing
 c - a potion of heal wounds
 d - a potion of haste
 e - 2 potions of magic
 f - a potion of berserk rage


   Skills:
 + Level 4.2 Fighting
 + Level 4.2 Dodging
 + Level 5.1 Unarmed Combat


You had 2 spell levels left.
You didn't know any spells.
Your spell library was empty.

Dungeon Overview and Level Annotations

Branches:
Dungeon (1/1)

Altars:


Innate Abilities, Weirdness & Mutations

You are too large for most types of armour.
You have claws for hands.
Your natural rate of healing is unusually fast.
You are covered in fur. (AC +1)
You have tough skin. (AC +1)


Message History

Unknown command.
Unknown command.
You start resting.
You feel a strong urge to attack something.
You are no longer berserk.
You are exhausted.
You feel yourself slow down.
You see here a +0 club.
You are no longer corroded.
h - a wand of acid (3)
Items here: ))) [ †.
You start resting.
HP restored.
You see here a +0 club.
You start waiting.
You feel yourself speed up.
You start waiting.
You recover from your berserk rage.
There is a huge open gate to the Metal Vault (Medium) here.
There is a huge open gate to the Metal Vault (Medium) here.
A bog body comes into view.
There is a huge open gate to the Metal Vault (Medium) here.
There is a huge open gate to the Metal Vault (Medium) here.
You see here a +0 club.
A red film seems to cover your vision as you go berserk!
You feel yourself moving faster!
You feel mighty!
You claw the bog body!
The bog body is moderately damaged.
You barely miss the bog body.
The bog body is moderately damaged.
The bog body touches you! The bog body freezes you!!
* * * LOW HITPOINT WARNING * * *
You mangle the bog body!!
The bog body is severely damaged.
You barely miss the bog body.
The bog body is severely damaged.
The bog body touches you!
* * * LOW HITPOINT WARNING * * *
The bog body freezes you!!
You die...

##########++######
#................#
#......#..#......#
#................+
+................+
#.....)#..#......#
#@n....).........#
####'#####''######
#.......##''#
#.......##..#
#.......##.n#
#...<...##..#
#.......##..#
#.......##..#
#.......##...#


You could see a bog body.

Vanquished Creatures
  Ijyb (D)
  3 gnolls (D)
4 creatures vanquished.

Notes
Turn   | Place    | Note
-------+----------+-------------------------------------------
     0 | D        | sircluck the Troll Berserker began the quest for the Orb.
     0 | D        | Reached XP level 1. HP: 22/22 MP: 0/0
    11 | D        | Noticed Ijyb
    24 | D        | Reached XP level 2. HP: 21/31 MP: 1/1
    33 | D        | Killed Ijyb
    34 | D        | Reached skill level 4 in Unarmed Combat
    34 | D        | Reached XP level 3. HP: 5/39 MP: 2/2
    37 | D        | Reached ** piety under Trog
    43 | D        | Reached skill level 5 in Unarmed Combat
    96 | D        | Noticed a bog body
   118 | D        | Demolished by a bog body

Illustrated notes

Levels and vault maps discovered:
D:        pitsprint [storerooms_1, entrance_room_1, metal_vault_3, armoury_3,
          mini_pit_1, grid_room_1, main_hall_1, silver_pit, the_coven_1,
          the_vestibule_1, steel_vault_2, golden_pit, hallway_of_sentries,
          crystal_vault_1, iron_vault_3, final_vault]

Skill      XL: |  1  2  3 |
---------------+----------+-----
Fighting       | 3 4 |  4.2
Dodging        | 3 4 |  4.2
Unarmed Combat | 4 5 |  5.1

Action                     || total
---------------------------++-------
  Melee: Unarmed           ||    26
 Invoke: Berserk           ||     2
 Armour: Animal skin       ||    14
  Dodge: Dodged            ||    10

Table legend: (Time is in decaauts)
 A = Elapsed time spent in this place.
 B = Non-inter-level travel time spent in this place.
 C = Inter-level travel time spent in this place.
 D = Time resting spent in this place.
 E = Time spent auto-exploring this place.
 F = Levels seen in this place.
 G = Mean time per level.
                   A        B        C        D        E       F      G
               +--------+--------+--------+--------+--------+-----+--------+
         Total |    123 |    123 |      0 |     49 |     11 |   1 |  123.0 |
       Dungeon |    123 |    123 |      0 |     49 |     11 |   1 |  123.0 |
               +--------+--------+--------+--------+--------+-----+--------+

Top non-repeatable levels by time:
       D: 123 daAuts
